Map: Altitude LE

Players

A.I. 1 (Very Easy) - Winner!

  • Race: Zerg Zerg
  • Spawn Location: 7:00

TrustyShacky

  • Race: Terran Terran
  • League: Platinum
  • Spawn Location: 1:00

VOD

Have the link to the VOD?

Description

Time

  • Played on: Feb. 2, 2023, 10:05 a.m.
  • Length: 10:39
Show
View Real Time Build Order
Export as new Build Order

A.I. 1 (Very Easy) Zerg - Winner!

Build Orders: Pool First 

Get SALT Encoding   

  12  0:01  Drone  
  13  0:12  Overlord  
  13  0:17  Drone  
  14  0:36  Spawning Pool  
  14  0:38  Extractor  
  14  0:39  Drone  
  13  0:46  Drone  
  14  0:51  Overlord  
  14  1:23  Zergling x2  
  15  1:25  Queen  
  15  1:32  Roach Warren  
  16  1:33  Extractor  
  16  1:37  Drone  
  16  1:40  Zergling x2  
  16  1:44  Drone  
  18  1:57  Zergling x2  
  18  1:58  Drone  
  20  2:09  Drone  
  21  2:19  Drone  
  22  2:30  Drone  
  22  2:32  Overlord  
  23  2:37  Drone  
  24  2:44  Drone  
  25  5:37  Lair, Drone  
  26  5:45  Drone  
  27  5:52  Drone  
  27  5:56  Zergling x2  
  28  5:59  Drone  
  28  6:01  Overlord  
  29  6:07  Drone  
  28  6:14  Drone  
  29  6:19  Zergling x2  
  30  6:35  Overseer  
  30  6:36  Overseer  
  30  6:37  Spire  
  30  6:38  Drone  
  30  6:42  Zergling x2  
  31  7:18  Zergling x2  
  31  7:20  Hatchery  
  30  7:51  Mutalisk  
  32  8:33  Drone  
  33  8:40  Drone  
  34  8:48  Drone  
  35  8:51  Extractor x2  
  35  8:55  Drone  
  34  9:02  Drone  
  35  9:09  Drone  
  36  9:17  Drone  
  38  9:24  Drone  
  38  9:31  Drone  
  39  9:38  Drone  
  40  9:45  Drone  
  41  9:53  Drone  
  42  10:00  Drone  
  43  10:07  Drone  
  44  10:14  Drone  
  44  10:15  Overlord  
  45  10:21  Drone  
  49  10:37  Infestation Pit  
Show
View Real Time Build Order
Export as new Build Order

TrustyShacky Terran 

Build Orders: Mech 

Get SALT Encoding   

  12  0:00  SCV  
  13  0:12  SCV  
  14  0:18  Supply Depot  
  14  0:25  SCV  
  15  0:39  SCV  
  15  0:41  Barracks  
  16  0:45  Refinery  
  16  0:51  SCV  
  17  1:03  SCV  
  18  1:16  SCV  
  19  1:28  Marine  
  19  1:29  Orbital Command  
  20  1:45  Command Center  
  19  1:48  Marine  
  20  1:55  SCV  
  21  2:04  Factory  
  21  2:08  SCV  
  22  2:14  Supply Depot  
  22  2:17  Barracks Reactor  
  22  2:20  SCV  
  23  2:25  Refinery  
  23  2:36  SCV  
  24  2:48  SCV  
  24  2:50  Starport  
  25  2:56  Orbital Command  
  25  3:00  SCV  
  25  3:01  Hellion  
  25  3:04  Hellion  
  30  3:12  SCV  
  31  3:15  Supply Depot  
  31  3:22  SCV  
  31  3:24  SCV  
  31  3:26  Viking  
  35  3:35  Fusion Core  
  35  3:37  SCV x2  
  37  3:44  Hellion  
  37  3:45  Hellion  
  41  3:49  SCV x2  
  41  3:53  Supply Depot  
  43  3:56  Starport Tech Lab  
  43  4:01  SCV x2  
  47  4:13  SCV x2  
  47  4:15  Supply Depot  
  47  4:27  SCV x2  
  49  4:34  Battlecruiser  
  49  4:37  Supply Depot  
  55  4:39  SCV x2  
  55  4:41  Hellion x2  
  61  4:51  SCV x2  
  61  4:52  Command Center  
  63  5:00  Refinery  
  63  5:01  Refinery  
  63  5:02  Supply Depot  
  63  5:03  SCV x2  
  67  5:07  Hellion x2  
  67  5:12  Armory  
  69  5:17  SCV x2  
  71  5:29  SCV x2  
  71  5:32  Factory x2  
  73  5:37  Factory Tech Lab  
  73  5:41  SCV x2  
  75  5:49  Supply Depot  
  75  5:52  Starport Tech Lab  
  75  5:53  SCV x2, Supply Depot  
  75  5:57  Siege Tank  
  80  6:03  Refinery  
  80  6:05  SCV  
  80  6:06  SCV  
  80  6:09  Refinery  
  82  6:11  Battlecruiser  
  82  6:18  SCV x2, Hellion x2  
  94  6:24  Supply Depot  
  94  6:26  Supply Depot  
  94  6:27  Orbital Command  
  94  6:30  SCV x2  
  96  6:33  Siege Tank  
  96  6:37  Siege Tank  
  102  6:42  SCV x2  
  104  6:52  Factory x2  
  104  6:54  SCV x2  
  104  6:55  Barracks Reactor  
  104  6:57  Hellion x2  
  104  6:58  SCV  
  111  7:06  Infernal Pre-Igniter, SCV  
  111  7:07  Engineering Bay, SCV  
  113  7:09  Siege Tank  
  113  7:10  SCV  
  113  7:12  Siege Tank  
  120  7:23  SCV  
  120  7:27  Starport Tech Lab, Hellion x2  
  120  7:28  Supply Depot  
  125  7:30  Supply Depot  
  125  7:32  Supply Depot  
  125  7:40  Barracks Tech Lab  
  125  7:41  Terran Vehicle And Ship Armor Level 1  
  125  7:45  Missile Turret  
  125  7:46  Missile Turret  
  125  7:48  Sensor Tower  
  125  7:49  Siege Tank x2  
  125  7:50  Siege Tank  
  138  7:51  Hellion x2  
  138  7:53  Hellion  
  138  7:54  Hellion  
  142  7:59  Supply Depot  
  142  8:01  Supply Depot  
  142  8:04  Supply Depot  
  142  8:05  Smart Servos  
  142  8:08  Armory  
  142  8:16  Hellion x3  
  142  8:17  Hellion  
  150  8:25  Siege Tank x2  
  159  8:41  Supply Depot  
  159  8:42  Siege Tank  
  159  8:43  Supply Depot, Hellion x3  
  159  8:44  Hellion  
  159  8:45  Supply Depot  
  167  8:50  Battlecruiser, Command Center  
  173  8:59  Siege Tank  
  176  9:07  Siege Tank  
  176  9:08  Hellion x4  
  187  9:19  Siege Tank  
  190  9:28  Missile Turret  
  190  9:30  Missile Turret  
  190  9:35  Thor  
  190  9:36  Hellion x2  
  200  9:41  Command Center  
  200  9:50  Refinery  
  200  9:51  Sensor Tower, Refinery  
  200  10:02  Planetary Fortress  
  200  10:18  Command Center  
  200  10:19  Missile Turret  
Tags
 
Composition
Mech
League
Platinum
Matchup
TvZ
Opening
Pool First
Spawn Locations
Cross Positions
Add a new tag
Caveats
  • Supply blocks, unpowered buildings, or Contaminate may cause inaccurate times.
  • Supply counts are checked every 10 seconds.